AoeStats
← William T. Piker

Lombardia

510232019Analyzed
2v2 RM · 1d ago on Sep 30, 2026· 31m 20s· 4 players
Game mode
Random Map
Map size
Medium (4 player)
Population
200
Speed
Normal
Resources
Standard
Victory
Conquest
Starting age
Dark Age
Ending age
Imperial Age
RankedLock teamsTeams togetherTeam positionsShared explorationLock speedFull tech treeHidden civsTurbo modeCheats
Victory
Defeat
🇨🇦 Franks · Canada
1339
+13
🇺🇸 Shu · United States
1218
+19
🇺🇸 Lithuanians · United States
1268
-16
🇺🇸 Malians · United States
1268
-16
Jean-Luc Petard
8:48 Loom
11:17 Feudal Age
12:18 Double-Bit Axe
13:24 Scale Barding Armor
14:29 Forging
14:36 Bloodlines
23:49 Castle Age
24:31 Husbandry
26:56 Chain Barding Armor
27:16 Wheelbarrow
28:04 Iron Casting
William T. Piker
5:50 Loom
12:29 Feudal Age
13:08 Man-at-Arms
13:20 Man-at-Arms
14:34 Forging
15:24 Arson
20:03 Fletching
20:13 Padded Archer Armor
25:18 Castle Age
23:58 Double-Bit Axe
28:23 Horse Collar
PrinceFinnik
5:55 Loom
8:51 Feudal Age
11:19 Double-Bit Axe
15:10 Fletching
17:49 Padded Archer Armor
19:44 Wheelbarrow
24:36 Castle Age
24:49 Horse Collar
25:36 Bodkin Arrow
25:02 Crossbowman
25:52 Thumb Ring
26:54 Bow Saw
27:53 Ballistics
28:07 Thumb Ring
29:47 Town Watch
GrilledTrees
7:14 Loom
10:00 Feudal Age
10:37 Double-Bit Axe
13:42 Wheelbarrow
18:59 Gold Mining
21:21 Castle Age
20:09 Scale Barding Armor
21:01 Forging
22:59 Gold Shaft Mining
24:26 Bow Saw
24:58 Husbandry
31:34 Chain Barding Armor
Connection lost

Rejoining the realm…

Still unreachable

The connection could not be restored.

Session expired

The server has moved on; the page needs a fresh start.